 Dungeon Crawl Stone Soup version 0.25.1-2-g60ff931df9 (webtiles) character file.

Game seed: 17979542590823110612

7037 Qrupt the Basher (level 11, -12/89 HPs)
             Began as a Human Berserker on Oct 21, 2020.
             Was an Elder of Trog.
             Blown up by Maurice (31 damage)
             ... with a disintegration bolt
             ... on level 9 of the Dungeon.
             The game lasted 00:23:58 (11272 turns).

Qrupt the Basher (Human Berserker)                 Turns: 11272, Time: 00:23:58

Health: -12/89     AC: 19    Str: 19    XL:     11   Next: 29%
Magic:  11/11      EV: 16    Int:  8    God:    Trog [****..]
Gold:   420        SH:  0    Dex: 14    Spells: 10/10 levels left

rFire    + . .     SeeInvis .   E - +0 dire flail (venom)
rCold    . . .     Gourm    .   (shield currently unavailable)
rNeg     . . .     Faith    .   a - +2 ring mail {rF+}
rPois    .         Spirit   .   j - +2 hat
rElec    .         Reflect  .   k - +2 cloak
rCorr    .         Harm     .   H - +1 pair of gloves
MR       .....                  l - +1 pair of boots
Stlth    +.........             (no amulet)
HPRegen  0.24/turn              (no ring)
MPRegen  0.12/turn              (no ring)

@: berserk cooldown, slowed, very slow
A: no striking features
a: Berserk, Trog's Hand, Brothers in Arms, Renounce Religion


You were on level 9 of the Dungeon.
You worshipped Trog.
Trog was greatly pleased with you.
You were not hungry.

You visited 1 branch of the dungeon, and saw 10 of its levels.

You collected 420 gold pieces.

Inventory:

Hand Weapons
 v - a +0 mace of protection
 w - a +0 whip of flaming
 D - the +3 scimitar of the Forest {vorpal, rElec rPois rF+}
   (You took it off an orc on level 6 of the Dungeon)

   It inflicts extra damage upon your enemies.
   It protects you from fire.
   It insulates you from electricity.
   It protects you from poison.
 E - a +0 dire flail of venom (weapon)
 K - a +4 morningstar
Armour
 a - a +2 ring mail of fire resistance (worn)
 j - a +2 hat (worn)
 k - a +2 cloak (worn)
 l - a +1 pair of boots (worn)
 H - a +1 pair of gloves (worn)
Wands
 p - a wand of iceblast (9)
 s - a wand of digging (5)
 z - a wand of clouds (4)
 A - a wand of polymorph (11)
Scrolls
 d - 4 scrolls of enchant armour {unknown}
 e - 2 scrolls of remove curse
 i - 2 scrolls of immolation {unknown}
 m - a scroll of blinking {unknown}
 n - 4 scrolls of teleportation
 o - 2 scrolls of fear {unknown}
 r - 2 scrolls of amnesia {unknown}
 t - a scroll of fog {unknown}
 u - a scroll of enchant weapon {unknown}
 x - 3 scrolls of identify
 y - 2 scrolls of noise {unknown}
 B - a scroll of holy word {unknown}
 C - a scroll of magic mapping {unknown}
 F - 2 scrolls of random uselessness {unknown}
Potions
 b - a potion of stabbing {unknown}
 f - 3 potions of flight
 g - a potion of heal wounds {unknown}
 h - a potion of lignification
 q - a potion of berserk rage {unknown}
 I - a potion of haste {unknown}
 J - a potion of brilliance {unknown}
Comestibles
 c - 21 rations


   Skills:
 + Level 9.1 Fighting
 + Level 9.1 Maces & Flails
 + Level 8.5 Armour
 + Level 8.5 Dodging


You had 10 spell levels left.
You didn't know any spells.
Your spell library was empty.

Dungeon Overview and Level Annotations

Branches:
Dungeon (10/15)            Temple (0/1) D:4
   Lair: D:8-11         Orc: D:9-12

Altars:
Ashenzari
Dithmenos
Hepliaklqana
Sif Muna
Vehumet
Yredelemnul
Zin

Annotations:
D:4 patan's ghost, amateur TrMo
D:7 2 transporters, neutralEvil's ghost, journeyman HuFi
D:9 Maurice
D:10 Harold


Message History

Items here: )) [ †† a +0 hand axe; a +0 dagger; a +0 robe; an orc corpse x2
You sock the orc!
You kill the orc!
Trog accepts your kill. Something hits you.
* * * LOW HITPOINT WARNING * * *
Something steals 2 of your 3 scrolls labeled ADDAMAG BIYNAO!
You see here a +0 hand axe.
You closely miss something.
You are no longer berserk.
You are exhausted.
You feel yourself slow down.
You barely miss something. Something hits you but does no damage.
You miss something. Something hits you.
* * * LOW HITPOINT WARNING * * *
Something steals your large brass ring!
You hear a zap.
You are blasted!
You die...

# # #. .#
####.#########.##.
#.................
#.####.###...#### .
.## #.###...#####.#
.. #.#......#..... #
#. #{#.#......# # #
##.#.##@#.##.....##.#
#
#....)).#.###.......#
#
#.##.##.#........####
# #. #.######...# #
oY #.# #...#######
o.. #.# #...[.....#
.... #.# #...#####.#
..... ...
.............. ......
.) ..............


There were no monsters in sight!

Vanquished Creatures
  3 two-headed ogres
  An unseen horror (D:9)
  Prince Ribbit (D:6)
  A hippogriff (D:9)
  Sigmund (D:3)
  A wyvern (D:9)
  A human (D:7)
  4 hogs (D:7)
  A hungry ghost (D:9)
  Edmund (D:6)
  An orc warrior (D:7)
  2 ice beasts
  A black bear (D:6)
  2 sky beasts
  A phantom (D:8)
  5 ogres
  3 centaurs
  5 bullfrogs
  2 big kobolds
  A water moccasin skeleton (D:7)
  3 wights (D:9)
  A howler monkey (D:7)
  2 crimson imps (D:5)
  A bullfrog zombie (D:7)
  A quasit (D:6)
  4 orc priests
  A hound (D:6)
  A centaur skeleton (D:8)
  12 orc wizards
  2 iguanas
  3 worker ants
  3 hound skeletons
  2 hound zombies
  8 adders
  6 gnolls
  An adder zombie (D:8)
  An adder skeleton (D:8)
  4 worms
  5 leopard geckos
  34 orcs
  5 bats
  6 giant cockroaches
  5 goblins
  5 hobgoblins
  10 jackals
  11 kobolds
  6 quokkas
  2 ball pythons
  4 frilled lizards
  10 rats
197 creatures vanquished.

Vanquished Creatures (others)
  An orc wizard (D:6)
1 creature vanquished.

Grand Total: 198 creatures vanquished

Notes
Turn   | Place    | Note
-------+----------+-------------------------------------------
     0 | D:1      | Qrupt the Human Berserker began the quest for the Orb.
     0 | D:1      | Reached XP level 1. HP: 18/18 MP: 1/1
   241 | D:1      | Reached XP level 2. HP: 24/24 MP: 2/2
   846 | D:2      | Reached XP level 3. HP: 29/29 MP: 3/3
  1373 | D:2      | Reached XP level 4. HP: 37/37 MP: 4/4
  1633 | D:1      | Reached ** piety under Trog
  2716 | D:3      | Reached XP level 5. HP: 40/42 MP: 5/5
  2830 | D:3      | Noticed Sigmund
  2893 | D:3      | Killed Sigmund
  2893 | D:3      | Reached XP level 6. HP: 49/49 MP: 6/6
  3532 | D:4      | Found a transporter.
  3757 | D:4      | Noticed an ogre
  3761 | D:4      | Killed an ogre
  3761 | D:4      | Reached XP level 7. HP: 55/55 MP: 7/7
  3790 | D:4      | Found a transporter.
  3790 | D:4      | Noticed patan's ghost (amateur TrMo)
  3977 | D:4      | Found a staircase to the Ecumenical Temple.
  4096 | D:4      | Found a glowing silver altar of Zin.
  4750 | D:5      | Entered Level 5 of the Dungeon
  4765 | D:5      | Reached skill level 5 in Fighting
  4799 | D:5      | Reached skill level 5 in Maces & Flails
  5219 | D:5      | Reached XP level 8. HP: 26/62 MP: 8/8
  5448 | D:5      | Found a hazy altar of Hepliaklqana.
  5801 | D:5      | Reached *** piety under Trog
  6041 | D:5      | Found a shadowy altar of Dithmenos.
  6658 | D:6      | Reached skill level 5 in Dodging
  6661 | D:6      | Reached skill level 5 in Armour
  6714 | D:6      | Identified the +3 scimitar of the Forest {vorpal, rElec
                  | rPois rF+}
  6903 | D:6      | Noticed Edmund
  6914 | D:6      | Killed Edmund
  6914 | D:6      | Reached XP level 9. HP: 69/69 MP: 9/9
  7202 | D:6      | Noticed Prince Ribbit
  7219 | D:6      | Killed Prince Ribbit
  7899 | D:7      | Noticed a two-headed ogre
  7967 | D:7      | Killed a two-headed ogre
  8279 | D:7      | Noticed a five-headed hydra
  8281 | D:7      | Noticed a death knight
  8282 | D:7      | Found a shadowy altar of Dithmenos.
  8307 | D:7      | Reached XP level 10. HP: 66/79 MP: 10/10
  8401 | D:7      | Found a transporter.
  8982 | D:7      | Found a transporter.
  9351 | D:8      | Noticed neutralEvil's ghost (journeyman HuFi)
  9353 | D:8      | Found a runed translucent door.
  9422 | D:8      | Found a basalt altar of Yredelemnul.
  9464 | D:8      | Reached **** piety under Trog
  9761 | D:8      | Found a radiant altar of Vehumet.
  9775 | D:8      | Found a shattered altar of Ashenzari.
  9834 | D:8      | Noticed a two-headed ogre
  9843 | D:8      | Killed a two-headed ogre
  9889 | D:8      | Found a shimmering blue altar of Sif Muna.
 10587 | D:9      | Noticed a two-headed ogre
 10710 | D:9      | Killed a two-headed ogre
 10710 | D:9      | Reached XP level 11. HP: 62/87 MP: 11/11
 10986 | D:10     | Entered Level 10 of the Dungeon
 10987 | D:10     | Noticed Harold
 11220 | D:9      | Noticed Maurice
 11250 | D:9      | Killed an unseen horror
 11272 | D:9      | Blown up by Maurice

Illustrated notes

Levels and vault maps discovered:
D:1:      dpeg_arrival_rooms_a, layout_basic
D:2:      layout_basic, first_ration, minmay_pentomino_z2
D:3:      layout_basic, uniq_sigmund
D:4:      layout_gridville, minmay_temple_entry_junction_2,
          gammafunk_ghost_mausoleum, minivault_25, lemuel_tele_altar
D:5:      layout_basic, lemuel_crystal_altar, grunt_dithmenos_smoke
D:6:      layout_loops_ring, uniq_edmund, uniq_prince_ribbit1
D:7:      layout_cave_pools, gammafunk_temple_overflow_arena, grunt_livestock
D:8:      layout_loops_ring, nicolae_overflow_quartered_altars,
          hellmonk_ghost_happy_afterlife
D:9:      layout_loops_cross, uniq_maurice
D:10:     minmay_blocky_corners, layout_long_grid, david_orc_5,
          minmay_statues_item, minivault_4, mumra_transporter_accident,
          uniq_harold

Skill      XL: |  1  2  3  4  5  6  7  8  9 10 11 |
---------------+----------------------------------+-----
Maces & Flails | 4 5 6 7 8 9 |  9.1
Fighting       | 4 5 6 7 8 9 |  9.1
Armour         | 3 4 5 6 8 |  8.5
Dodging        | 3 4 5 6 8 |  8.5

Action                   |  1- 3 |  4- 6 |  7- 9 | 10-12 || total
-------------------------+-------+-------+-------+-------++-------
Melee: Mace              |    62 |   152 |   276 |       ||   490
       Whip              |       |       |    59 |    29 ||    88
       Dire flail        |       |       |   107 |   232 ||   339
Invok: Berserk           |     2 |     1 |     8 |     3 ||    14
Evoke: Wand              |       |     3 |       |     1 ||     4
  Use: Scroll            |       |       |     6 |     1 ||     7
       Potion            |       |       |     1 |       ||     1
 Stab: Sleeping          |     1 |     3 |       |       ||     4
  Eat: Chunk             |     3 |     9 |    16 |    11 ||    39
       Ration            |       |       |     2 |     1 ||     3
Armor: Animal skin       |    11 |    38 |   100 |       ||   149
       Skin              |       |       |    60 |       ||    60
       Leather armour    |       |       |   108 |    14 ||   122
       Ring mail         |       |       |       |    91 ||    91
Dodge: Dodged            |    47 |   102 |   354 |   161 ||   664
